 Dungeon Crawl Stone Soup version 0.28.0 (webtiles) character file.

Game seed: 13338239931946197377

1553 ju1c3 the Thaumaturge (level 8, -5/41 HPs)
             Began as a Deep Elf Conjurer on Feb 18, 2022.
             Shot with an arrow by a centaur (15 damage)
             ... on level 6 of the Dungeon.
             The game lasted 00:46:06 (6532 turns).

ju1c3 the Thaumaturge (Deep Elf Conjurer)           Turns: 6532, Time: 00:46:06

Health: -5/41      AC:  5    Str:  6    XL:     8   Next: 57%
Magic:  23/23      EV: 11    Int: 24    God:
Gold:   177        SH:  0    Dex: 13    Spells: 11/26 levels left

rFire   . . .      SeeInvis .   p - +2 falchion (venom)
rCold   + . .      Faith    .   (no shield)
rNeg    . . .      Spirit   .   j - +0 leather armour
rPois   .          Reflect  .   v - +0 helmet
rElec   .          Harm     .   b - +0 cloak
rCorr   .          Rampage  .   (no gloves)
Will    .....                   (no boots)
Stlth   ++........              (no amulet)
HPRegen 0.13/turn               e - ring of wizardry
MPRegen 0.18/turn               s - ring of protection from cold

@: no status effects
A: no striking features
a: no special abilities


You were on level 6 of the Dungeon.
You visited 1 branch of the dungeon, and saw 6 of its levels.

You collected 177 gold pieces.

Inventory:

Hand Weapons
 l - a +4 quarterstaff of chaos
 p - a +2 falchion of venom (weapon)
Armour
 b - a +0 cloak (worn)
 j - a +0 leather armour (worn)
 v - a +0 helmet (worn)
Jewellery
 e - a ring of wizardry (left hand)
 s - a ring of protection from cold (right hand)
Scrolls
 f - a scroll of teleportation
 h - a scroll of magic mapping
Potions
 a - 2 potions of mutation
 c - a potion of degeneration {unknown}
 d - a potion of resistance
 i - a potion of berserk rage {unknown}
 k - a potion of brilliance {unknown}
 o - a potion of curing {unknown}
 q - 3 potions of might
 t - a potion of attraction {unknown}


   Skills:
 - Level 2.4 Dodging
 - Level 2.4 Stealth
 + Level 9.5 Spellcasting
 + Level 9.0 Conjurations
 - Level 4.0 Translocations
 + Level 1.0 Fire Magic
 + Level 0.9 Air Magic


You had 11 spell levels left.
You knew the following spells:

 Your Spells              Type           Power      Damage    Failure   Level
a - Scorch                Fire           32%        2d7       3%          2
b - Searing Ray           Conj           100%       2d8       1%          2
c - Iskenderun's Mystic   Conj/Tloc      42%        2d10      2%          4
d - Flame Wave            Conj/Fire      35%        2d8       4%          4
e - Swiftness             Air            15%        N/A       8%          3

Your spell library contained the following spells:

 Spells                   Type           Power      Damage    Failure   Level
 Magic Dart               Conj           100%       1d8       1%          1
 Dazzling Flash           Conj/Hex       66%        N/A       1%          3
 Ensorcelled Hibernation  Hex/Ice        22%        N/A       5%          2
 Passwall                 Tmut/Erth      9%         N/A       5%          2
 Fulminant Prism          Conj/Hex       16%        3d11      6%          4
 Conjure Ball Lightning   Conj/Air       17%        3x3d6     52%         6
 Summon Cactus Giant      Summ           5%         N/A       99%         6
 Discord                  Hex            5%         N/A       100%        8
 Disjunction              Tloc           15%        N/A       100%        8


Dungeon Overview and Level Annotations

Branches:
Dungeon (6/15)
 Temple: D:4-7

Altars:
Okawaru
Ru
Wu Jian

Annotations:
D:1 Crystal Wall Loot
D:4 Crystal wall loot


Message History

The iguana barely misses you.
Casting: Scorch (safe; 5% risk of failure)
Confirm with . or Enter, or press ? or * to list all spells.
Flames lash the iguana.
The iguana is burned terribly!
You kill the iguana!
Casting: Scorch (safe; 4% risk of failure)
Confirm with . or Enter, or press ? or * to list all spells.
You can't see any susceptible monsters within range! (Use Z to cast anyway.) Unknown command.
Casting: Scorch (safe; 4% risk of failure)
Confirm with . or Enter, or press ? or * to list all spells.
Aiming: Searing Ray (safe; 1% risk of failure)
Press: ? - help, Shift-Dir - straight line, f - black bear
Aim: a black bear (87% to hit)
The searing ray hits the black bear!
The black bear is moderately wounded. (Press . to maintain the ray.)
The searing ray hits the black bear!
The black bear is severely wounded.
The searing ray hits the black bear!
You kill the black bear!
Your Conjurations skill increases to level 9!
Your Fire Magic skill increases to level 1!
q - 3 potions of might (gained 1)
You start resting.
Magic restored.
You now have 177 gold pieces (gained 12).
A centaur and an ogre come into view.
The centaur shouts!
The centaur wields a +0 shortbow.
The centaur shoots an arrow.
The arrow hits you!
The centaur shoots an arrow.
The arrow hits you!
The ogre moves out of view.
The centaur shoots an arrow.
The arrow hits you!
You start resting.
The centaur shoots an arrow.
The arrow hits you!
* * * LOW HITPOINT WARNING * * *
Okay, then.
Okay, then.
The centaur shoots an arrow.
The arrow hits you!
You die...

#.#...#$.# ### #........#. ....
.#..... #.# ...#....# #.#
#..#.....#.....
#......#.##.#########
#.####..#..#.#........
.#.#.#.#..#..#.#.#.####.
#......@.c#..#........#.
#..#.#.#...#..#...#....#. .#....
#.#.#.#....#.######.
####..#####.#........#........
#...........#######..########.
#...........##.......#........
###...........#######..#.#######
..............#######..#.#
.......................#.#


You could see a centaur.

Vanquished Creatures
  Sigmund (D:4)
  Edmund (D:5)
  2 ice beasts
  2 black bears
  An orc warrior (D:4)
  A necrophage (D:5)
  2 phantoms
  A water moccasin zombie (D:5)
  A gnoll shaman (D:5)
  2 hounds (D:5)
  Crazy Yiuf (D:2)
  2 orc priests (D:4)
  A jelly (D:3)
  A scorpion zombie (D:5)
  3 iguanas
  An orc wizard (D:4)
  7 adders
  3 gnolls (D:5)
  An adder skeleton (D:4)
  A worm (D:2)
  9 orcs
  9 ball pythons
  6 endoplasms
  7 giant cockroaches
  9 goblins
  9 hobgoblins
  3 jackals (D:1)
  5 quokkas
  3 bats
  3 frilled lizards
  5 kobolds
  9 rats
112 creatures vanquished.

Notes
Turn   | Place    | Note
-------+----------+-------------------------------------------
     0 | D:1      | ju1c3 the Deep Elf Conjurer began the quest for the Orb.
     0 | D:1      | Reached XP level 1. HP: 10/10 MP: 6/6
   303 | D:1      | Reached XP level 2. HP: 15/15 MP: 5/8
   309 | D:1      | Learned a level 2 spell: Searing Ray
   378 | D:1      | Found a faded altar of an unknown god.
   769 | D:1      | Reached skill level 5 in Conjurations
   769 | D:1      | Reached XP level 3. HP: 19/19 MP: 7/10
  1850 | D:2      | Found a runed translucent door.
  1851 | D:2      | Noticed Crazy Yiuf
  1858 | D:2      | Killed Crazy Yiuf
  1859 | D:2      | Reached XP level 4. HP: 24/24 MP: 6/12
  1872 | D:2      | Learned a level 4 spell: Iskenderun's Mystic Blast
  2560 | D:3      | Reached skill level 5 in Spellcasting
  2935 | D:3      | Found a sacrificial altar of Ru.
  2974 | D:4      | Noticed Sigmund
  3065 | D:4      | Reached XP level 5. HP: 28/28 MP: 11/14
  3091 | D:4      | Reached skill level 1 in Translocations
  3175 | D:4      | Noticed a phantom
  3189 | D:4      | Killed a phantom
  3226 | D:4      | Reached XP level 6. HP: 2/32 MP: 0/17
  3774 | D:4      | Noticed an orc warrior
  4167 | D:4      | Killed an orc warrior
  4624 | D:4      | Killed Sigmund
  4625 | D:4      | Reached XP level 7. HP: 22/36 MP: 6/19
  4861 | D:5      | Entered Level 5 of the Dungeon
  5518 | D:5      | Reached XP level 8. HP: 41/41 MP: 17/22
  5580 | D:5      | Noticed Edmund
  5632 | D:5      | Killed Edmund
  5781 | D:5      | Found an iron altar of Okawaru.
  5888 | D:5      | Found an ornate altar of the Wu Jian Council.
  6171 | D:6      | Learned a level 4 spell: Flame Wave
  6203 | D:5      | Learned a level 2 spell: Scorch
  6344 | D:5      | Learned a level 3 spell: Swiftness
  6379 | D:6      | Reached skill level 1 in Fire Magic
  6532 | D:6      | Shot with an arrow by a centaur

Illustrated notes

Levels and vault maps discovered:
D:1:      minmay_arrival_doors, layout_basic, chequers_ecumenical_altar_island,
          serial_glass, glass_columns_a, glass_columns_b, glass_columns_a,
          glass_columns_a, minmay_strange_pillars, due_unseen_surprise,
          feat_on_display
D:2:      layout_rooms, kennysheep_small_spiral, st_stairs_7,
          uniq_crazy_yiuf_cottage
D:3:      layout_rooms, nicolae_ru_path_of_blood
D:4:      nicolae_cairo_tiling, layout_gridville,
          hangedman_abyss_or_decor_lesser_grid, due_unseen_surprise,
          uniq_sigmund
D:5:      layout_loops_ring, overflow_temple_1_default,
          nicolae_overflow_hidden_temple, uniq_edmund
D:6:      layout_basic, temple_doors_e, grunt_ministairs_8,
          hangedman_abyss_or_decor_slice

Skill      XL: |  1  2  3  4  5  6  7  8 |
---------------+-------------------------+-----
Spellcasting   | 4 5 6 8 9 |  9.5
Conjurations   | 5 6 8 9 |  9.0
Translocations | 2 3 4 |  4.0
Fire Magic     | 1 |  1.0
Dodging        | |  2.4
Stealth        | |  2.4
Air Magic      | |  0.9

Action                   |  1- 3 |  4- 6 |  7- 9 || total
-------------------------+-------+-------+-------++-------
Melee: Dagger            |     4 |       |       ||     4
       Falchion          |       |     2 |    12 ||    14
 Cast: Magic Dart        |    23 |    33 |     7 ||    63
       Searing Ray       |    19 |    27 |    28 ||    74
       Iskenderun's Myst |       |     3 |     3 ||     6
       Scorch            |       |       |     4 ||     4
  Use: Scroll            |     1 |     3 |     8 ||    12
Armor: Robe              |     4 |       |       ||     4
       Leather armour    |       |       |     9 ||     9
Dodge: Dodged            |    15 |    11 |    12 ||    38
